 Dungeon Crawl Stone Soup version 0.27.0-1-g7a089689b8 (webtiles) character file.

Game seed: 13790325175579078373

9 SnakkuSnakku7 the Vexing (level 2, -1/23 HPs)
             Began as a Draconian Arcane Marksman on Aug 7, 2021.
             Frozen to death by an endoplasm (4 damage)
             ... on level 1 of the Dungeon.
             The game lasted 00:00:32 (230 turns).

SnakkuSnakku7 the Vexing (Draconian Arcane Marksman) Turns: 230, Time: 00:00:33

Health: -1/23      AC:  7    Str: 12    XL:     2   Next: 3%
Magic:  3/3        EV: 12    Int: 13    God:
Gold:   28         SH:  0    Dex: 11    Spells: 2/3 levels left

rFire    . . .     SeeInvis .   c - +0 club
rCold    . . .     Faith    .   (no shield)
rNeg     . . .     Spirit   .   (armour unavailable)
rPois    .         Reflect  .   (helmet restricted)
rElec    .         Harm     .   (no cloak)
rCorr    .         Rampage  .   (no gloves)
Will     .....                  d - +2 pair of boots
Stlth    +.........             (no amulet)
HPRegen  0.07/turn              (no ring)
MPRegen  0.08/turn              (no ring)

@: no status effects
A: AC +4, unfitting armour, cold-blooded
a: no special abilities


You were on level 1 of the Dungeon.
You visited 1 branch of the dungeon, and saw 1 of its levels.

You collected 28 gold pieces.

Inventory:

Hand Weapons
 c - a +0 club (weapon)
Missiles
 a - 2 javelins (quivered)
 b - 2 throwing nets
Armour
 d - a +2 pair of boots (worn)


   Skills:
 - Level 1.1 Fighting
 + Level 2.5 Throwing
 - Level 1.7 Dodging
 - Level 1.0 Spellcasting
 - Level 2.6 Hexes


You had 2 spell levels left.
You knew the following spells:

 Your Spells              Type           Power      Damage    Failure   Level
a - Corona                Hex            7%         N/A       10%         1

Your spell library contained the following spells:

 Spells                   Type           Power      Damage    Failure   Level
 Slow                     Hex            7%         N/A       14%         2
 Inner Flame              Hex/Fire       4%         N/A       43%         3
 Portal Projectile        Hex/Tloc       8%         N/A       43%         3
 Cause Fear               Hex            3%         N/A       67%         4


Dungeon Overview and Level Annotations

Branches:
Dungeon (1/15)

Altars:


Innate Abilities, Weirdness & Mutations

Your plain brown scales are hard. (AC +4)
You cannot fit into any form of body armour.
You are cold-blooded and may be slowed by cold attacks.


Message History

Aim: an endoplasm (85% to hit)
You throw a javelin.
The javelin pierces through the endoplasm.
The endoplasm is lightly wounded.
The javelin barely misses the endoplasm.
The javelin pierces through the quokka!
You kill the quokka!
The endoplasm freezes you.
You are frozen.
* * * LOW HITPOINT WARNING * * *
You feel as though you will be slow longer.
The endoplasm barely misses you.
You have reached level 2!
Unknown command.
Unknown command.
Throw: 4 javelins
Press: ? - help, Q - select action, (/) - cycle Shift-Dir - straight line, f/p - endoplasm
Aim: an endoplasm (lightly wounded, 85% to hit)
You throw a javelin.
The javelin barely misses the endoplasm.
The javelin pierces through the endoplasm.
The endoplasm is severely wounded.
You feel yourself speed up.
The endoplasm hits you but does no damage.
The endoplasm freezes you.
You are frozen.
* * * LOW HITPOINT WARNING * * *
You feel yourself slow down.
Throw: 3 javelins
Press: ? - help, Q - select action, (/) - cycle Shift-Dir - straight line, f/p - endoplasm
Aim: an endoplasm (lightly wounded, 85% to hit)
You throw a javelin.
The javelin barely misses the endoplasm.
The javelin pierces through the endoplasm!
You kill the endoplasm!
You feel yourself speed up. The endoplasm barely misses you.
The endoplasm freezes you.
You are frozen.
You die...

#### #.# . ...+# #.#.. ....#
#.#.# #...# #.#.# .# #
#.#.###### ..# #. #.........
#...# ######.####.........
....# #.......@J.....(....
...## ##.#####.###.........
#### #..........###.$...?...
#### #...........##.........
...###.........#.##.........
....##......................
#...##.[.......#..#.........
##..##.........##.#.........
##..##.........##...........


You could see an endoplasm.

Vanquished Creatures
  An endoplasm (D:1)
  A goblin (D:1)
  3 hobgoblins (D:1)
  A quokka (D:1)
  2 bats (D:1)
8 creatures vanquished.

Notes
Turn   | Place    | Note
-------+----------+-------------------------------------------
     0 | D:1      | SnakkuSnakku7 the Draconian Arcane Marksman began the quest
                  | for the Orb.
     0 | D:1      | Reached XP level 1. HP: 16/16 MP: 2/2
   229 | D:1      | Reached XP level 2. HP: 5/23 MP: 3/3
   230 | D:1      | Frozen to death by an endoplasm

Illustrated notes

Levels and vault maps discovered:
D:1:      minmay_arrival_four_loops, layout_basic

Skill      XL: |  1 |
---------------+----+-----
Throwing       | 2 |  2.5
Fighting       | |  1.1
Dodging        | |  1.7
Spellcasting   | |  1.0
Hexes          | |  2.6

Action                   || total
-------------------------++-------
Melee: Unarmed           ||    23
       Club              ||    14
       Tailslap          ||     1
Throw: Javelin           ||     3
Armor: Skin              ||     8
Dodge: Dodged            ||    35
